 Dungeon Crawl Stone Soup version 0.16-a0-670-g3b10be2 (webtiles) character file.

58495 RobertPalmer the Imperceptible (level 14, -9/77 (81) HPs)
             Began as an Octopode Assassin on Sept 18, 2014.
             Was an Initiate of Gozag.
             Mangled by an ogre
             ... wielding a +0 giant club
              (16 damage)
             ... on Level 4 of the Orcish Mines on Sept 19, 2014.
             The game lasted 02:46:23 (38168 turns).

RobertPalmer the Imperceptible (Octopode Assassin) Turns: 38168, Time: 02:46:24

HP  -9/77 (81)   AC  3     Str 13      XL: 14   Next: 90%
MP  13/14        EV 20     Int 19      God: Gozag
Gold 313         SH  0     Dex 17      Spells:  5 memorised,  1 level left

rFire  + + .     SeeInvis +     b - +2 dagger (venom)
rCold  + . .     Clarity  .     p - +2 buckler
rNeg   . . .     rCorr    +     j - +2 hat
rPois  +         rRot     .     C - amulet of faith {!P}
rElec  +         Spirit   .     B - +5 ring of intelligence
SustAb .         Warding  .     i - ring of stealth
rMut   .         Stasis   .     M - ring of protection from fire
Gourm  .                        R - ring of see invisible
MR     +....                    U - ring "Schinauh" {Str+2 Stlth+}
                                V - ring of wizardry
                                (no ring)
                                (no ring)

@: confused, resistant, flying, somewhat resistant to hostile enchantments, very
stealthy
A: almost no armour, amphibious, 8 rings, constrict 8, camouflage 1, gelatinous
body 1
a: Potion Petition, Call Merchant, Bribe Branch, Renounce Religion


You were on level 4 of the Orcish Mines.
You worshipped Gozag.
Gozag was noncommittal.
You were very hungry.

You visited 4 branches of the dungeon, and saw 25 of its levels.
You also visited: Ossuary and Ice Cave.

You collected 7021 gold pieces.
You spent 1191 gold pieces at shops.
You paid 5517 gold pieces to Gozag.


Innate Abilities, Weirdness & Mutations

You cannot wear most types of armour.
You are amphibious.
You can wear up to eight rings at the same time.
You can use your tentacles to constrict many enemies at once.
Your skin changes colour to match your surroundings (Stealth).
Your rubbery body absorbs attacks (AC +1).


   Skills:
 - Level 2.0 Fighting
 - Level 7.7 Short Blades
 - Level 2.0 Throwing
 - Level 11.3 Dodging
 + Level 22.4 Stealth
 - Level 5.1 Shields
 - Level 11.3 Conjurations
 - Level 4.3 Charms
 - Level 4.0 Poison Magic


You had one spell level left.
You knew the following spells:

 Your Spells              Type           Power        Failure   Level  Hunger
c - Mephitic Cloud        Conj/Pois/Air  ###.....     4%          3    ####...
g - Regeneration          Chrm/Necr      #.........   12%         3    ####...
y - Cause Fear            Hex            #.........   86%         4    #####..
z - Sting                 Conj/Pois      ####         1%          1    ##.....
Z - Animate Skeleton      Necr           N/A          9%          1    ##.....

Inventory:

Hand weapons
 a - a +0 short sword of draining
 b - a +2 dagger of venom (weapon)
 o - a +2 cutlass of venom
 x - a +0 blowgun
 I - a +0 vampiric cutlass
Missiles
 e - 9 poisoned needles
 f - 5 curare-tipped needles
 t - 10 javelins (quivered)
 E - 3 needles of confusion
 X - 4 javelins of returning
Armour
 j - a +2 hat (worn)
 p - a +2 buckler (worn)
Magical devices
 k - a wand of frost (11)
 z - a wand of teleportation (0) {!d}
 O - a wand of flame (8)
 Q - a wand of digging (0)
 S - a wand of paralysis (0)
 Y - a wand of enslavement (0)
Scrolls
 d - 8 scrolls of remove curse
 l - 2 scrolls of magic mapping
 n - 3 scrolls of enchant weapon
Jewellery
 i - a ring of stealth (right tentacle)
 m - an uncursed amulet of warding
 B - a +5 ring of intelligence (left tentacle)
 C - an amulet of faith (around mantle) {!P}
 L - an uncursed ring of fire
 M - a ring of protection from fire (on tentacle)
 R - a ring of see invisible (on tentacle)
 U - the ring "Schinauh" (on tentacle) {Str+2 Stlth+}
   (You bought it in a shop on level 11 of the Dungeon)

   [ring of stealth]

   It affects your strength (+2).
   It makes you more stealthy.
 V - a ring of wizardry (on tentacle)
Potions
 g - a potion of haste {unknown}
 h - a potion of restore abilities {unknown}
 r - a potion of cure mutation {unknown}
 v - a potion of degeneration {unknown}
 w - 3 potions of might
 A - 2 potions of brilliance
 F - 2 potions of resistance
 G - 2 potions of flight {unknown}
 J - a potion of magic {unknown}
 P - a potion of mutation {unknown}
 T - 2 potions of porridge
Books
 q - a book of the Earth
 y - a book of Necromancy
 K - a book of Enchantments
 N - a Young Poisoner's Handbook

Dungeon Overview and Level Annotations

Branches:
Dungeon (12/15)            Temple (1/1) D:4             Orc (4/4) D:11
    Elf (0/3) Orc:3          Lair (8/8) D:9           Swamp (0/5) Lair:4
  Snake (0/5) Lair:4        Slime (0/6) Lair:6

Altars:
Ashenzari
Elyvilon
Fedhas
Gozag
Kikubaaqudgha
Makhleb
Nemelex Xobeh
Okawaru
Qazlal
Ru
Sif Muna
Xom
Yredelemnul
The Shining One
Jiyva

Shops:
D:6 }   D:11 **:==   Orc:4 :[?(   Vaults:1 :

Annotations:
D:4 RobertPalmer's ghost, average HOMo
D:5 Grinder; Menkaure
D:11 Josephine
Lair:1 exclusion: oklob plant
Lair:6 exclusion: oklob plant
Lair:8 exclusion: 2 oklob plants

#.......[)<.............. #
######.....)<[.[..............
.###.##.##.....).................
..........#.....).)........))).<.
................#.......o........
...#......#.......O......)...[...
.####.............o.o............
# ###...........oOo............
#.........@Oo..............
##.........................
##..[.......................
##.#.#.......................
#..)###......................
##...).......................
#..[....).........O...$......
#.......)....................
##....................O..$...


You could see an orc knight, 3 ogres, 2 orc priests and 2 orcs.


Message History

The orcs go into a battle-frenzy!
Drink which item? (? for menu, Esc to quit)
Okay, then.
Read which item? (? for menu, Esc to quit)
Okay, then.
Use which ability? (? or * to list) [a] - 308 gold - heal wounds, magic, curing and degeneration [b] - 432 gold - haste, agility, resistance and poison [c] - 346 gold - resistance, flight, heal wounds and confusion [d] - 112 gold - porridge Purchase which effect?
You feel protected.
You feel very buoyant.
You fly up into the air.
You feel much better.
You are confused.
The orc hits you with a short sword!
* * * LOW HITPOINT WARNING * * *
The orc priest hits you but does no damage.
Unknown command.
Unknown command.
You closely miss the orc priest.
The orc priest calls down the wrath of Beogh upon you.
Something smites you!
* * * LOW HITPOINT WARNING * * *
The orc hits you but does no damage. The orc priest hits you!
* * * LOW HITPOINT WARNING * * *
The orc hits you with a mace.
* * * LOW HITPOINT WARNING * * *
The ogre hits you with a giant club!
You die...
Your body crumbles into a pile of gold.

Action                   |  1- 3 |  4- 6 |  7- 9 | 10-12 | 13-15 || total
-------------------------+-------+-------+-------+-------+-------++-------
Melee: Dagger            |    52 |    61 |     4 |       |   190 ||   307
       Cutlass           |       |       |   181 |   733 |   664 ||  1578
       Short sword       |       |       |       |       |   161 ||   161
 Fire: Blowgun           |     5 |     7 |    26 |    81 |    57 ||   176
Throw: Javelin           |       |    28 |    27 |    32 |     9 ||    96
       Stone             |       |       |     1 |       |       ||     1
       Throwing net      |       |       |       |       |     4 ||     4
 Cast: Sting             |       |       |       |    25 |    23 ||    48
       Regeneration      |       |       |       |     4 |    11 ||    15
       Mephitic Cloud    |       |       |       |       |    46 ||    46
Invok: Potion Petition   |       |       |       |     3 |    15 ||    18
       Call Merchant     |       |       |       |       |     1 ||     1
Evoke: Wand              |       |       |     9 |    45 |    38 ||    92
  Use: Scroll            |       |     2 |    11 |    23 |    11 ||    47
       Potion            |       |       |     5 |     6 |     9 ||    20
 Stab: Sleeping          |    16 |    14 |    33 |    73 |   106 ||   242
       Distracted        |       |     1 |     4 |    12 |    17 ||    34
       Invisible         |       |       |       |     6 |    14 ||    20
       Fleeing           |       |       |       |     1 |       ||     1
       Confused          |       |       |       |       |    22 ||    22
       Held in net/web   |       |       |       |       |     3 ||     3
       Paralysed         |       |       |       |       |     1 ||     1
  Eat: Chunk             |     3 |     5 |       |       |       ||     8
       Beef jerky        |       |       |     4 |       |       ||     4
       Fruit             |       |       |     1 |     1 |     1 ||     3
       Bread ration      |       |       |     2 |     5 |     2 ||     9
       Meat ration       |       |       |       |     3 |     4 ||     7
       Royal jelly       |       |       |       |     1 |       ||     1
       Pizza             |       |       |       |       |     1 ||     1

Vault maps used:
D:1:      dpeg_arrival_three_same_balls, glass_columns_a, minmay_liquid_box
D:2:      gammafunk_temple_overflow_pools
D:3:      first_bread, nemelex_deck
D:4:      lemuel_round_altar, minmay_temple_entry_grid
D:5:      hangedman_minor_gate_pass, uniq_iyjb, uniq_crazy_yiuf_cottage,
          uniq_grinder, uniq_eustachio, uniq_menkaure
D:6:      kennysheep_mini, enter_ossuary_1, serial_shops, shop,
          uniq_blork_the_orc
D:7:      yredelemnul_altar_generic, basic_altar, serial_shops,
          nicolae_shop_behind_doors, uniq_pikel
D:8:      tso_metal_star
D:9:      lemuel_round_altar, minmay_lair_entry_grove
D:11:     orc_0_dummy, serial_shops, shop, shop_fountains,
          kennysheep_little_box, nicolae_shop_trees, shop, uniq_josephine
D:12:     serial_shops, nicolae_shop_crystal
Temple:   water_room_temple_b_12
Orc:2:    basic_altar, uniq_grum
Orc:3:    nicolae_orc_pool_cavern
Orc:4:    st_orc_ogre_mass
Lair:1:   minmay_lair_oklob_chamber, portal_ice_cave_entry_imps, uniq_joseph
Lair:3:   beast_lair_carwin_large_3, serial_bayou_shore_a, uniq_fannar,
          uniq_nergalle
Lair:4:   swamp_mist_pool, minmay_snake_entry_six_corridors, grunt_megastairs_2
Lair:5:   minmay_lindwurm_lava, uniq_erica
Lair:6:   slime_altar_2, tgw_fedhas
Lair:7:   worms_lemuel, grunt_megastairs_4
Lair:8:   evilmike_catoblepas_cave, disabler_island
Ossuary:  ossuary_zaba_flooded
IceCv:    ice_cave_statue_garden_01

Notes
Turn   | Place    | Note
--------------------------------------------------------------
     0 | D:1      | RobertPalmer, the Octopode Assassin, began the quest for the Orb.
     0 | D:1      | Reached XP level 1. HP: 14/14 MP: 1/1
   264 | D:1      | Reached skill level 6 in Stealth
   264 | D:1      | Reached XP level 2. HP: 19/19 MP: 2/2
   774 | D:2      | Found a shimmering altar of Xom.
   775 | D:2      | Found an ancient bone altar of Kikubaaqudgha.
   837 | D:2      | Reached XP level 3. HP: 24/24 MP: 3/3
  1213 | D:2      | Reached skill level 1 in Shields
  1588 | D:3      | Found a sparkling altar of Nemelex Xobeh.
  1926 | D:3      | Reached XP level 4. HP: 12/29 MP: 4/4
  2161 | D:3      | Reached skill level 2 in Shields
  2551 | D:3      | Reached skill level 3 in Shields
  2594 | D:3      | Reached XP level 5. HP: 28/34 MP: 5/5
  2971 | D:3      | Noticed an ogre
  3005 | D:3      | Killed an ogre
  3005 | D:3      | Reached skill level 4 in Shields
  3005 | D:3      | Reached XP level 6. HP: 39/39 MP: 6/6
  3103 | D:4      | Reached skill level 5 in Shields
  3167 | D:4      | Reached skill level 7 in Stealth
  3196 | D:4      | Found a shattered altar of Ashenzari.
  3360 | D:4      | Noticed RobertPalmer's ghost (average HOMo)
  3415 | D:4      | Found a staircase to the Ecumenical Temple.
  3456 | Temple   | Entered the Ecumenical Temple
  3475 | Temple   | Became a worshipper of Gozag Ym Sagoz the Greedy
  3614 | D:4      | Reached skill level 8 in Stealth
  3614 | D:4      | Reached XP level 7. HP: 45/45 MP: 7/7
  3719 | D:5      | Entered Level 5 of the Dungeon
  3744 | D:5      | Noticed Eustachio
  3751 | D:5      | Killed Eustachio
  3751 | D:5      | Reached skill level 9 in Stealth
  3767 | D:5      | Identified a wand of teleportation {zapped: 1} (You took it off Eustachio on level 5 of the Dungeon)
  3772 | D:5      | Reached skill level 10 in Stealth
  4549 | D:5      | Reached skill level 3 in Short Blades
  4560 | D:5      | Reached XP level 8. HP: 26/50 MP: 8/8
  4665 | D:5      | Noticed Ijyb
  4680 | D:5      | Killed Ijyb
  4697 | D:5      | Noticed Grinder
  4711 | D:5      | Reached skill level 4 in Short Blades
  4770 | D:5      | Noticed Crazy Yiuf
  4776 | D:5      | Killed Crazy Yiuf
  5216 | D:5      | Noticed Menkaure
  5422 | D:6      | Reached skill level 5 in Short Blades
  5536 | D:6      | Found a sand-covered staircase.
  5546 | Ossuary  | Entered an ossuary
  5552 | Ossuary  | Reached skill level 6 in Short Blades
  5566 | Ossuary  | Noticed bronies4ever's ghost (average FeTm)
  5644 | D:7      | Found a basalt altar of Yredelemnul.
  5649 | D:7      | Learned a level 1 spell: Animate Skeleton
  5815 | D:6      | Found Prettasm's Gadget Emporium.
  5980 | D:6      | Found a white marble altar of Elyvilon.
  6073 | D:6      | Noticed Blork the orc
  6329 | D:6      | Reached skill level 7 in Short Blades
  6389 | D:6      | Killed Blork the orc
  6514 | D:6      | Reached XP level 9. HP: 54/54 MP: 9/9
  6810 | D:6      | Reached skill level 11 in Stealth
  6939 | D:6      | Reached skill level 12 in Stealth
  7073 | D:7      | Found an iron altar of Okawaru.
  7425 | D:7      | HP: 4/54 [centaur (9)]
  7704 | D:7      | Noticed Pikel
  7740 | D:7      | Killed Pikel
  7740 | D:7      | Reached skill level 13 in Stealth
  7832 | D:7      | Found Pnainon's Weapon Emporium.
  7833 | D:7      | Pnainon's Weapon Emporium was a mimic.
  7863 | D:7      | Reached skill level 14 in Stealth
  8049 | D:8      | Reached XP level 10. HP: 40/60 MP: 10/10
  8268 | D:8      | Reached skill level 15 in Stealth
  8619 | D:8      | HP: 4/60 [something/ball of steam (7)]
  9220 | D:8      | Reached skill level 16 in Stealth
  9252 | D:8      | Found a glowing golden altar of the Shining One.
 10033 | D:9      | Found a staircase to the Lair.
 10230 | D:9      | Found a sacrificial altar of Ru.
 10400 | D:9      | Reached skill level 2 in Dodging
 10444 | D:9      | Reached skill level 3 in Dodging
 10642 | D:9      | Reached skill level 4 in Dodging
 10851 | D:9      | Reached skill level 5 in Dodging
 11172 | D:9      | Reached skill level 6 in Dodging
 11244 | D:9      | Reached XP level 11. HP: 39/64 MP: 11/11
 11377 | D:10     | Entered Level 10 of the Dungeon
 11576 | D:9      | Reached skill level 7 in Dodging
 11793 | D:9      | Reached skill level 8 in Dodging
 12655 | Lair:1   | Entered Level 1 of the Lair of Beasts
 12659 | Lair:1   | Found a frozen archway.
 12782 | IceCv    | Entered an ice cave
 12796 | Lair:1   | HP: 5/64 [ice beast (9)]
 13161 | D:9      | Reached skill level 9 in Dodging
 13682 | Lair:1   | Noticed a seven-headed hydra
 14018 | Lair:1   | Noticed Joseph
 14038 | Lair:1   | Killed Joseph
 14307 | Lair:1   | Killed a seven-headed hydra
 14328 | Lair:2   | Reached skill level 17 in Stealth
 15670 | Lair:2   | Reached skill level 18 in Stealth
 16235 | Lair:3   | Noticed Fannar
 16245 | Lair:3   | Killed Fannar
 16245 | Lair:3   | Reached XP level 12. HP: 70/70 MP: 12/12
 16279 | Lair:3   | Noticed Nergalle
 16282 | Lair:3   | Killed Nergalle
 16886 | Lair:2   | Reached skill level 19 in Stealth
 17194 | Lair:1   | Learned a level 1 spell: Sting
 17198 | Lair:1   | Learned a level 3 spell: Regeneration
 17203 | Lair:1   | Learned a level 4 spell: Cause Fear
 17458 | Lair:2   | Reached skill level 1 in Charms
 18103 | D:10     | Reached skill level 2 in Charms
 18180 | D:10     | Noticed a hill giant
 18183 | D:10     | Killed a hill giant
 18183 | D:10     | Reached skill level 3 in Charms
 18309 | D:10     | Reached skill level 4 in Charms
 18756 | D:10     | Reached skill level 2 in Conjurations
 19607 | D:10     | Reached skill level 3 in Conjurations
 20077 | D:11     | Found Dejucaf's Assorted Antiques.
 20079 | D:11     | Reached skill level 4 in Conjurations
 20104 | D:11     | Bought an emerald ring for 120 gold pieces
 20104 | D:11     | Bought a potion of invisibility for 132 gold pieces
 20382 | D:11     | Found Mialuc's Book Emporium.
 20382 | D:11     | Found Pnasmun's Jewellery Shop.
 20394 | D:11     | Found Wedowad's General Store.
 20413 | D:11     | Bought the ring "Schinauh" {Str+2 Stlth+} for 459 gold pieces
 20413 | D:11     | Bought an uncursed ring of wizardry for 480 gold pieces
 20445 | D:11     | Found Ushonepnoxt's Jewellery Shop.
 20446 | D:11     | Noticed Josephine
 21070 | D:11     | Reached skill level 5 in Conjurations
 21122 | D:11     | Found a staircase to the Orcish Mines.
 21848 | Lair:1   | Noticed a six-headed hydra
 22001 | Lair:3   | Reached skill level 6 in Conjurations
 22739 | Lair:2   | Reached skill level 7 in Conjurations
 22766 | Lair:2   | Reached XP level 13. HP: 44/74 MP: 13/13
 23292 | Lair:4   | Reached skill level 8 in Conjurations
 23336 | Lair:4   | Reached skill level 9 in Conjurations
 24953 | Lair:4   | Reached skill level 10 in Conjurations
 25653 | Lair:4   | Found a staircase to the Snake Pit.
 25778 | Lair:4   | Found a staircase to the Swamp.
 26192 | Lair:3   | Learned a level 3 spell: Mephitic Cloud
 26484 | Lair:5   | Reached skill level 11 in Conjurations
 26607 | Lair:5   | Noticed Erica
 26652 | Lair:5   | Killed Erica
 26840 | Lair:5   | HP: 7/74 [poisoned by a black mamba]
 26845 | Lair:5   | HP: 5/74 [poisoned by a black mamba]
 27198 | Lair:5   | Identified 2 potions of resistance
 27738 | Lair:5   | Reached skill level 20 in Stealth
 28481 | Lair:6   | Found a blossoming altar of Fedhas.
 29142 | Lair:6   | Found a viscous altar of Jiyva.
 29143 | Lair:6   | Found a staircase to the Slime Pits.
 29254 | Lair:6   | Reached XP level 14. HP: 64/81 MP: 14/14
 29700 | Lair:6   | Reached skill level 21 in Stealth
 30528 | Lair:7   | Reached skill level 1 in Poison Magic
 30706 | Lair:8   | Entered Level 8 of the Lair of Beasts
 30751 | Lair:8   | Reached skill level 2 in Poison Magic
 31316 | Lair:8   | Reached skill level 10 in Dodging
 32532 | Lair:8   | Reached skill level 11 in Dodging
 33780 | Orc:1    | Entered Level 1 of the Orcish Mines
 33876 | Orc:2    | Found a deep blue altar of Sif Muna.
 33966 | Orc:2    | Noticed Grum
 34024 | Orc:2    | Killed Grum
 34041 | Orc:2    | Reached skill level 3 in Poison Magic
 34884 | Orc:3    | Found a staircase to the Elven Halls.
 34947 | Orc:3    | Reached skill level 4 in Poison Magic
 35366 | Orc:4    | Entered Level 4 of the Orcish Mines
 36688 | Orc:3    | Upgraded the game from 0.16-a0-623-g20b2139 to 0.16-a0-670-g3b10be2
 37429 | Orc:4    | Paralysed by an ogre mage for 2 turns
 37437 | Orc:4    | Found Stedept's Magic Scroll Boutique.
 37437 | Orc:4    | Found Qaunlux's Book Shoppe.
 37437 | Orc:4    | Found Igiubao's Weapon Emporium.
 37437 | Orc:4    | Found Fraorin's Armour Boutique.
 37478 | Orc:4    | Reached skill level 22 in Stealth
 38164 | Orc:4    | HP: 4/77 [orc priest/divine providence (9)]
 38168 | Orc:4    | Mangled by an ogre

Vanquished Creatures
  Fannar (Lair:3)
  2 hydras
  2 ogre magi (Orc:4)
  Erica (Lair:5)
  A catoblepas (Lair:8)
  9 death yaks
  Nergalle (Lair:3)
  A hill giant (D:10)
  2 griffons
  Pikel (D:7)
  A cyclops (D:10)
  2 lindwurms
  An oklob plant (Lair:8)
  An orc knight (Orc:1)
  12 black mambas
  Joseph (Lair:1)
  10 elephants
  A torpor snail (Lair:5)
  7 komodo dragons
  A kobold demonologist (D:11)
  11 spiny frogs
  3 fire drakes
  6 trolls
  11 two-headed ogres
  17 blink frogs
  3 basilisks (D:9)
  A hill giant zombie (D:8)
  A wraith (D:11)
  29 yaks
  Eustachio (D:5)
  A deep elf mage (D:9)
  7 hippogriffs
  Grum (Orc:2)
  2 steam dragons (D:8)
  8 wolves
  2 wargs
  A hungry ghost (D:8)
  15 water moccasins
  3 swamp worms (Lair:7)
  24 ogres
  15 porcupines
  A phantom (D:6)
  2 black bears
  4 sky beasts
  A slave (D:7)
  2 ice beasts
  A boring beetle (Lair:8)
  13 orc warriors
  11 crocodiles
  3 big kobolds
  29 giant frogs
  6 centaurs
  Blork the orc (D:6)
  A wyvern zombie (D:9)
  A gnoll sergeant (D:9)
  5 scorpions
  A tengu zombie (D:11)
  6 killer bees (D:9)
  2 wights (D:11)
  An electric eel (Lair:4)
  3 bog bodies (Ossuary)
  5 crimson imps
  5 goliath beetles
  5 jellies
  11 hounds
  23 orc priests
  A quasit (D:6)
  Crazy Yiuf (D:5)
  10 iguanas
  26 orc wizards
  A black bear zombie (D:10)
  8 worker ants
  A giant frog skeleton (D:5)
  9 sheep
  Ijyb (D:5)
  A centaur simulacrum (D:11)
  A hound zombie (D:10)
  2 mummies
  A hound skeleton (D:11)
  9 gnolls
  24 adders
  78 green rats
  2 shadow imps
  2 giant mites
  An inept feature mimic (D:7)
  12 white imps (Lair:1)
  A worm (D:2)
  4 orc skeletons
  8 giant geckos
  4 oozes
  139 orcs
  6 giant cockroaches
  18 goblins
  17 hobgoblins
  6 jackals
  25 kobolds
  14 quokkas
  4 ball pythons
  11 bats
  A giant gecko skeleton (D:5)
  5 giant newts
  A goblin skeleton (D:5)
  A kobold skeleton (D:4)
  14 rats
  2 fungi
835 creatures vanquished.

Vanquished Creatures (others)
  An orc wizard (Orc:4)
  A mummy (D:7)
  A giant spore (D:11)
  A bush (D:9)
  11 fungi
  14 plants
29 creatures vanquished.

Grand Total: 864 creatures vanquished
